 Dungeon Crawl Stone Soup version 0.31-a0-1278-g11c5b68f87 (webtiles) character file.

Game seed: 4335042294185750615

142089 gelatine the Cleaver (level 16, -11/139 HPs)
             Began as a Demonspawn Fighter on Dec 18, 2023.
             Was the Champion of Jiyva.
             Mangled by an Ice Fiend (54 damage)
             ... summoned by a deep elf demonologist
             ... on level 3 of the Elven Halls.
             The game lasted 01:27:59 (18297 turns).

gelatine the Cleaver (Demonspawn Fighter)          Turns: 18297, Time: 01:27:59

Health: -11/139    AC: 17    Str: 38    XL:     16   Next: 4%
Magic:  0/25       EV: 20    Int: 10    God:    Jiyva [******]
Gold:   353        SH: 16    Dex: 11    Spells: 20/28 levels left

rFire   . . .        E - +3 war axe of Tortfeasance {flame, +Blink rC- Str+2}
rCold   x . .        Z - +0 kite shield
rNeg    . . .        p - +6 leather armour of Ureguq {Str+3}
rPois   .            S - +2 hat
rElec   .            (cloak unavailable)
rCorr   +            (gloves unavailable)
SInv    .            y - +2 pair of boots {Fly}
Will    ++++.        Q - amulet of reflection
Stlth   +++          c - +6 ring of strength
HPRegen 2.03/turn    B - +5 ring of evasion
MPRegen 1.18/turn

%: reflection, guardian spirit
@: flying
A: horns 2, demonic guardian 1, robust 1, magic shield, magic regeneration,
weakness stinger 3, demonic touch 3, hooves 1, iridescent scales 1,
strong-willed 3, strong 1, wild magic 3, translucent skin 3, tendrils, sturdy
frame 1
}: 1/15 runes: slimy
a: Renounce Religion, Evoke Blink, Oozemancy, Slimify


You were on level 3 of the Elven Halls.
You worshipped Jiyva.
Jiyva was exalted by your worship.
You visited 5 branches of the dungeon, and saw 26 of its levels.
You also visited: Sewer.

You collected 1641 gold pieces.
You spent 1288 gold pieces at shops.

Inventory:

Hand Weapons
 d - a +5 hand axe of freezing
 f - a +1 spectral eveningstar
 n - a +2 war axe of venom
 r - a +2 heavy war axe
 u - a +0 broad axe
 C - a +4 scimitar of flaming
 E - the +3 war axe of Tortfeasance (weapon) {flame, +Blink rC- Str+2}
   (You found it on level 8 of the Dungeon)

   Str+2:     It affects your strength (+2).
   rC-:       It makes you vulnerable to cold.
   +Blink:    It lets you blink.
 H - a +3 war axe
 N - the +1 flail "Qezoguh" {flame, Will+ Str+3 Int+5}
   (You found it on level 9 of the Dungeon)

   Str+3:     It affects your strength (+3).
   Int+5:     It affects your intelligence (+5).
   Will+:     It increases your willpower.
Missiles
 D - 11 boomerangs
 F - a throwing net
 G - 4 curare-tipped darts
 T - 6 javelins
 W - 2 darts of dispersal
 X - 5 atropa-tipped darts
Armour
 p - the +6 leather armour of Ureguq (worn) {Str+3}
   (You found it on level 3 of the Dungeon)

   Str+3:     It affects your strength (+3).
 t - the +2 chain mail of Somewhere Else {rC++ Int+3}
   (You found it on level 5 of the Pits of Slime)

   Int+3:     It affects your intelligence (+3).
   rC++:      It greatly protects you from cold.
 y - a +2 pair of boots of flying (worn)
 O - the +1 robe "Keuchamno" {+Blink rPois rF- Will++}
   (You found it on level 10 of the Dungeon)

   rF-:       It makes you vulnerable to fire.
   rPois:     It protects you from poison Will++: It greatly increases your
   willpower.
   +Blink:    It lets you blink.
 S - a +2 hat (worn)
 Z - a +0 kite shield (worn)
Jewellery
 c - a +6 ring of strength (left hand)
 B - a +5 ring of evasion (right hand)
 K - a ring of willpower
 P - a ring of see invisible
 Q - an amulet of reflection (around neck)
 U - a +6 ring of intelligence
 Y - the amulet of Vitality {RegenMP++ Regen++}
   (You found it on level 4 of the Lair of Beasts)

   [amulet of magic regeneration]

   RegenMP:   It increases your rate of magic regeneration.
   Regen++:   It increases your rate of health regeneration.
Talismans
 I - the blade talisman of Gozag's Hope {Str+5 Dex+3}
   (You found it on level 2 of the Elven Halls)

   [blade talisman]

   Str+5:     It affects your strength (+5).
   Dex+3:     It affects your dexterity (+3).
Wands
 l - a wand of mindburst (5)
 v - a wand of roots (23)
 z - a wand of charming (25)
 J - a wand of light (3)
 L - a wand of flame (23)
 R - a wand of polymorph (11)
Scrolls
 a - a scroll of acquirement
 b - 5 scrolls of enchant armour
 e - a scroll of poison
 i - a scroll of silence {unknown}
 j - 6 scrolls of teleportation
 A - 2 scrolls of revelation
 M - a scroll of amnesia
 V - a scroll of brand weapon {unknown}
Potions
 g - 3 potions of invisibility
 h - 3 potions of might
 k - 9 potions of curing
 m - 3 potions of enlightenment
 o - 5 potions of heal wounds
 s - 2 potions of magic
 w - 5 potions of haste
 x - 5 potions of brilliance


   Skills:
 * Level 11.8 Fighting
 * Level 12.6 Axes
 * Level 9.8 Armour
 * Level 10.3 Dodging
 + Level 2.6 Stealth
 * Level 11.7 Shields
 + Level 6.5 Spellcasting
 + Level 5.6 Conjurations
 + Level 6.5 Earth Magic
 * Level 3.3 Poison Magic
 + Level 6.1 Evocations


You had 20 spell levels left.
You knew the following spells:

 Your Spells              Type           Power      Damage    Failure   Level
a - Sandblast             Erth           62%        2d14      10%         1
b - Stone Arrow           Conj/Erth      58%        3d10      22%         3
c - Olgreb's Toxic Radia  Pois           18%        N/A       80%         4

Your spell library contained the following spells:

 Spells                   Type           Power      Damage    Failure   Level
 Magic Dart               Conj           100%       1d8       12%         1
 Searing Ray              Conj           54%        2d6       16%         2
 Foxfire                  Conj/Fire      64%        2x1d7     26%         1
 Shock                    Conj/Air       64%        1d7       26%         1
 Passwall                 Tmut/Erth      15%        N/A       30%         2
 Sting                    Tmut/Pois      48%        1d5       36%         1
 Poisonous Vapours        Pois/Air       24%        N/A       47%         2
 Brom's Barrelling Bould  Conj/Erth      29%        2d5       47%         4
 Mephitic Cloud           Conj/Pois/Air  17%        N/A       50%         3
 Scorch                   Fire           12%        2d5       65%         2
 Lee's Rapid Deconstruct  Erth           15%        3d10*     71%         5
 Leda's Liquefaction      Tmut/Erth      9%         N/A       82%         4
 Petrify                  Tmut/Erth      18%        N/A       82%         4
 Fulminant Prism          Conj/Hex       8%         3d6       86%         4
 Iskenderun's Mystic Bla  Conj/Tloc      16%        2d5       86%         4
 Borgnjor's Vile Clutch   Necr/Erth      9%         N/A       98%         5
 Summon Ice Beast         Ice/Summ       6%         N/A       99%         4
 Alistair's Intoxication  Tmut/Pois      8%         N/A       99%         5
 Bombard                  Conj/Erth      14%        9d3       99%         6
 Summon Mana Viper        Hex/Summ       6%         N/A       100%        5
 Eringya's Noxious Bog    Tmut/Pois      6%         4d6       100%        6
 Plasma Beam              Fire/Air       3%         2x1d13    100%        6
 Starburst                Conj/Fire      8%         6d4       100%        6
 Monstrous Menagerie      Summ           3%         N/A       100%        7
 Lehudib's Crystal Spear  Conj/Erth      14%        10d5      100%        8


Dungeon Overview and Level Annotations

Branches:
Dungeon (11/15)            Temple (0/1) D:4            Lair (5/5) D:11
  Swamp (0/4) Lair:2        Snake (0/4) Lair:3        Slime (5/5) Lair:5
    Orc (2/2) D:10            Elf (3/3) Orc:2         Sewer (visited)

Altars:
Dithmenos
Fedhas
Gozag
Makhleb
Sif Muna
Jiyva

Shops:
D:4 *   D:7 *   D:8 *   Orc:2 [(=*   Elf:1 :[=   Elf:2 =

Annotations:
Slime:5 Royal Jelly


Innate Abilities, Weirdness & Mutations

You have a pair of horns on your head.
A weak demonic guardian rushes to your aid.
You are robust. (+10% HP)
When hurt, damage is shared between your health and your magic reserves.
You regenerate magic rapidly.
You have a sharp stinger which inflicts weakening toxins.
Your touch may irresistibly damage your foes and sap their willpower.
You have large cloven feet.
You are partially covered in iridescent scales. (AC +2)
You are extremely strong-willed. (Will+++)
Your muscles are strong. (Str +4, Int/Dex -1)
Your spells are much harder to cast, but much more powerful.
Your transparent skin significantly reduces your foes' accuracy. (Stealth+)
You are covered in slimy tendrils that may disarm your opponents.
Your movements are slightly less encumbered by armour. (ER -2)


Message History

The deep elf annihilator looks frightened!
The deep elf blademaster resists with almost no effort.
The deep elf demonologist resists with almost no effort.
The deep elf elementalist resists with almost no effort.
The orange demon looks frightened!
The air elemental is unaffected.
The Ice Fiend is unaffected.
The deep elf pyromancer looks frightened!
The deep elf death mage is asphyxiated!
The air elemental completely misses you. x2
Your quicksilver ooze hits the deep elf death mage!
Your quicksilver ooze barely misses the deep elf death mage.
The deep elf demonologist hits you with a +0 short sword.
The deep elf pyromancer mumbles some strange words.
The deep elf pyromancer blinks!
The deep elf death mage completely misses you.
Your tendrils lash around the deep elf death mage's +0 dagger and pull it to the ground!
The deep elf sorcerer barely misses your ice devil.
You block the Ice Fiend's attack.
The Ice Fiend claws you but does no damage.
The air elemental fires a burst of electricity at you.
The stunning burst misses you.
The stunning burst hits your azure jelly!
Your azure jelly is paralysed.
Something misses your quicksilver ooze.
Your quicksilver ooze barely misses the deep elf death mage.
Your quicksilver ooze hits the deep elf death mage.
The deep elf death mage's magic leaks into the air.
Your ice devil hits the deep elf sorcerer.
Your ice devil freezes the deep elf sorcerer!!
Your azure jelly cannot move out of your way!
Unknown command.
The deep elf death mage is asphyxiated!
Your azure jelly is no longer paralysed.
The air elemental attacks as it pursues you!
You block the air elemental's attack.
The deep elf demonologist gestures wildly while chanting.
Send 'em back where they came from!
You block the Ice Fiend's attack. The Ice Fiend claws you.
The Ice Fiend freezes you!!!
You feel a terrible chill!
You die...

#.........# #.........#
#######.........# ##
######.....'........^# #.
........####.........######.
#######.# #.........'......
#.# #.........######.
#####'####.........# #.
#......J1@.........# ##
########e########### #
#..eE...# #.....J4..#
#.........ee..#
#........eeee.#
..........e....
......###...ยง4. .....#
#.....


You could see an Ice Fiend (summoned, ally target), a deep elf death mage (magic
disrupted), a deep elf demonologist, an air elemental and a friendly azure jelly
(summoned).

Vanquished Creatures
  Saint Roka (Orc:2)
  Jorgrun (Orc:2)
  Gastronok (Lair:1)
  2 deep elf elementalists (Elf:2)
  A deep elf death mage (Elf:2)
  A deep elf annihilator (Elf:1)
  4 hydras
  Erolcha (D:11)
  A boulder beetle (Lair:4)
  Erica (D:8)
  26 dancing weapons
  A two-headed ogre (D:11)
  11 death yaks
  Urug (Lair:2)
  An orc high priest (Orc:2)
  Sonja (D:10)
  5 deep elf knights
  2 skysharks
  A sea snake (shapeshifter) (Elf:2)
  2 lindwurms
  Pikel (D:8)
  A bog body (Lair:2)
  6 deep elf archers
  17 deep elf pyromancers
  4 orc knights
  19 deep elf zephyrmancers
  3 orc sorcerers
  An ugly thing (D:11)
  2 oklob plants
  A wolf spider (Lair:5)
  Maurice (D:8)
  A manticore (D:11)
  3 kobold blastminers (Orc:2)
  10 elephants
  7 black mambas
  A guardian serpent (Lair:5)
  Maggie (D:6)
  15 cane toads
  A rime drake (Lair:4)
  9 komodo dragons
  Psyche (D:10)
  3 polar bears
  A troll (D:9)
  3 hornets
  Prince Ribbit (D:6)
  11 blink frogs
  7 dream sheep (Lair:4)
  A spriggan (Lair:1)
  43 yaks
  14 wyverns
  A shadow (D:11)
  2 water elementals (Elf:3)
  A fire elemental (Elf:2)
  3 vampire mosquitoes (D:11)
  6 wargs
  A steam dragon (D:7)
  3 basilisks
  2 redbacks (Lair:5)
  Grum (D:8)
  4 nagas (Lair:3)
  30 water moccasins
  Duvessa (D:5)
  Edmund (D:6)
  20 orc warriors
  A sky beast (D:6)
  3 black bears
  The ghost of Zog the Chopper, an amateur HOFi (D:3)
  10 ogres
  18 wolves
  5 centaurs
  2 lemures (D:8)
  A phantom (D:5)
  2 kobold brigands
  5 bullfrogs
  5 scorpions
  2 gnoll sergeants
  3 earth elementals (Elf:1)
  4 wights
  Dowan (D:5)
  10 killer bees
  2 howler monkeys
  5 hounds
  2 jellies (Sewer)
  3 gnoll boudas
  11 orc priests
  A water moccasin simulacrum (D:3)
  Crazy Yiuf (D:5)
  2 sleepcaps
  An iguana (D:4)
  26 orc wizards
  10 hell rats (Lair:3)
  18 gnolls
  8 adders
  17 river rats
  6 worms
  2 adder simulacra (D:3)
  2 dart slugs
  55 orcs
  5 bats
  6 endoplasms
  11 giant cockroaches
  2 goblins
  A hobgoblin (D:1)
  6 jackals (D:1)
  18 quokkas
  11 ball pythons
  A ball python simulacrum (D:3)
  4 frilled lizards
  15 kobolds
  29 rats
  A spectral weapon (Elf:2)
685 creatures vanquished.

Vanquished Creatures (collateral kills)
  A deep elf death mage (Elf:2)
  2 dancing weapons (Elf:2)
  A deep elf knight (Elf:2)
  A deep elf archer (Elf:2)
  A deep elf zephyrmancer (Elf:2)
  A shadow (D:11)
7 creatures vanquished.

Vanquished Creatures (others)
  A deep elf zephyrmancer (Elf:1)
  A deep elf pyromancer (Elf:1)
  A wyvern (Lair:5)
  3 bullfrogs
  A hound (D:6)
  51 jellies
  An orc priest (Orc:2)
  An iguana (D:4)
  2 orc wizards (D:6)
  9 orcs
  A ball python (D:4)
  A quokka (D:4)
  3 rats (Lair:3)
76 creatures vanquished.

Grand Total: 768 creatures vanquished

Notes
Turn   | Place    | Note
-------+----------+-------------------------------------------
     0 | D:1      | gelatine the Demonspawn Fighter began the quest for the
                  | Orb.
     0 | D:1      | Reached XP level 1. HP: 18/18 MP: 1/1
   192 | D:1      | Discovered your monstrous ancestry.
   192 | D:1      | Gained mutation: Your touch may inflict minor irresistible
                  | damage on your foes. [demonic ancestry]
   192 | D:1      | Reached XP level 2. HP: 23/24 MP: 2/2
   464 | D:1      | Reached skill level 2 in Axes
   990 | D:2      | Got the Discursus on Erosion and the Pyre
   999 | D:2      | Gained mutation: Your touch may inflict irresistible damage
                  | on your foes. [demonic ancestry]
   999 | D:2      | Reached XP level 3. HP: 18/29 MP: 3/3
  1325 | D:3      | Found a runed translucent gate.
  1326 | D:3      | Found a runed translucent gate.
  1327 | D:3      | Found a runed translucent gate.
  1416 | D:3      | Identified the +6 leather armour of Ureguq {Str+3}
  1490 | D:3      | Learned a level 1 spell: Sandblast
  1493 | D:3      | Noticed Zog's ghost (amateur HOFi)
  1565 | D:3      | Noticed a scorpion
  1573 | D:3      | Killed a scorpion
  1574 | D:3      | Reached skill level 1 in Dodging
  1574 | D:3      | Gained mutation: You have a small tail. [demonic ancestry]
  1574 | D:3      | Reached XP level 4. HP: 36/36 MP: 1/4
  1674 | D:3      | Gained mutation: You have a tail ending in a sharp stinger.
                  | [demonic ancestry]
  1674 | D:3      | Reached XP level 5. HP: 26/41 MP: 3/5
  1766 | D:3      | Found a shimmering blue altar of Sif Muna.
  1849 | D:3      | Reached skill level 1 in Earth Magic
  1999 | D:4      | Reached skill level 3 in Axes
  2131 | D:4      | Found Haoclul's General Store.
  2136 | D:4      | Bought a scroll of identify for 28 gold pieces
  2154 | D:4      | Reached skill level 1 in Evocations
  2204 | D:4      | Found a staircase to the Ecumenical Temple.
  2204 | D:4      | Noticed an ogre
  2298 | D:4      | Killed an ogre
  2299 | D:4      | Reached skill level 1 in Spellcasting
  2299 | D:4      | Reached XP level 6. HP: 48/48 MP: 7/7
  2382 | D:4      | Found a glowing drain.
  2389 | Sewer    | Entered a sewer
  2653 | Sewer    | Found a viscous altar of Jiyva.
  2669 | Sewer    | Became a worshipper of Jiyva Jikerch the Shapeless
  2869 | D:4      | Reached * piety under Jiyva
  2874 | D:4      | Gained mutation: You have a pair of small horns on your
                  | head. [demonic ancestry]
  2874 | D:4      | Reached XP level 7. HP: 54/54 MP: 7/9
  3294 | D:5      | Entered Level 5 of the Dungeon
  3307 | D:4      | Reached skill level 4 in Axes
  3356 | D:5      | Noticed Duvessa
  3396 | D:5      | Found a runed translucent door.
  3397 | D:5      | Noticed Crazy Yiuf
  3572 | D:5      | Reached XP level 8. HP: 54/61 MP: 11/11
  3760 | D:5      | Noticed Dowan
  3775 | D:5      | Killed Duvessa
  3786 | D:5      | Killed Dowan
  4283 | D:5      | Killed Crazy Yiuf
  4344 | D:6      | Reached skill level 5 in Axes
  4357 | D:6      | Noticed Maggie
  4362 | D:6      | Reached skill level 5 in Fighting
  4376 | D:6      | Killed Maggie
  4422 | D:6      | Noticed Prince Ribbit
  4428 | D:6      | Killed Prince Ribbit
  4429 | D:6      | Gained mutation: You have a sharp stinger which inflicts
                  | weakening toxins. [demonic ancestry]
  4429 | D:6      | Reached XP level 9. HP: 68/68 MP: 13/13
  4466 | D:6      | Noticed Edmund
  4482 | D:6      | Killed Edmund
  4483 | D:6      | Reached ** piety under Jiyva
  4693 | D:6      | Gained mutation: You expend magic power (3 MP) to
                  | strengthen your wands. [potion of mutation]
  4694 | D:6      | Lost mutation: You expend magic power (3 MP) to strengthen
                  | your wands. [potion of mutation]
  4694 | D:6      | Gained mutation: You passively dampen the noise of your
                  | surroundings. [potion of mutation]
  4694 | D:6      | Gained mutation: You have supernaturally acute eyesight.
                  | (SInv) [potion of mutation]
  4694 | D:6      | Gained mutation: You are agile. (Dex +4, Str/Int -1)
                  | [potion of mutation]
  4694 | D:6      | Gained mutation: You are very agile. (Dex +8, Str/Int -2)
                  | [potion of mutation]
  5199 | D:3      | Killed Zog's ghost
  5203 | D:3      | Identified the ring of Conflict {Fire Dex+3}
  5653 | D:7      | Found a shadowy altar of Dithmenos.
  5760 | D:7      | Found Zadeoq's General Store.
  5899 | D:7      | Reached *** piety under Jiyva
  6211 | D:8      | Reached skill level 6 in Axes
  6221 | D:8      | Noticed Pikel
  6247 | D:8      | Killed Pikel
  6248 | D:8      | Reached skill level 5 in Armour
  6248 | D:8      | Reached skill level 5 in Shields
  6248 | D:8      | Gained mutation: You have a pair of horns on your head.
                  | [demonic ancestry]
  6248 | D:8      | Reached XP level 10. HP: 76/76 MP: 16/16
  6256 | D:8      | Noticed Erica
  6271 | D:8      | Killed Erica
  6293 | D:8      | Lost mutation: You have supernaturally acute eyesight.
                  | (SInv) [Jiyva's grace]
  6293 | D:8      | Lost mutation: You passively dampen the noise of your
                  | surroundings. [Jiyva's grace]
  6293 | D:8      | Gained mutation: Your flesh is heat resistant. (rF+)
                  | [Jiyva's grace]
  6293 | D:8      | Gained mutation: Your flesh is very heat resistant. (rF++)
                  | [Jiyva's grace]
  6293 | D:8      | Gained mutation: Your flesh is almost immune to the effects
                  | of heat. (rF+++) [Jiyva's grace]
  6293 | D:8      | Gained mutation: Your muscles are strong. (Str +4, Int/Dex
                  | -1) [Jiyva's grace]
  6300 | D:8      | Noticed Maurice
  6307 | D:8      | Maurice stole a +4 scimitar of flaming
  6315 | D:8      | Killed Maurice
  6348 | D:8      | Found Nokeanue's Neck Hole.
  6552 | D:8      | Reached **** piety under Jiyva
  6612 | D:8      | Noticed Grum
  6625 | D:8      | Reached skill level 5 in Dodging
  6633 | D:8      | Killed Grum
  6641 | D:8      | Identified the +3 war axe of Tortfeasance {flame, +Blink
                  | rC- Str+2}
  6837 | D:8      | Found a blossoming altar of Fedhas.
  6837 | D:8      | Found an opulent altar of Gozag.
  6837 | D:8      | Found a burning altar of Makhleb.
  6993 | D:8      | Reached skill level 5 in Evocations
  7365 | D:9      | Identified the +1 flail "Qezoguh" {flame, Will+ Str+3
                  | Int+5}
  7423 | D:9      | Reached skill level 5 in Spellcasting
  7428 | D:9      | Reached skill level 7 in Axes
  7432 | D:9      | Gained mutation: You regenerate magic rapidly. [demonic
                  | ancestry]
  7432 | D:9      | Reached XP level 11. HP: 65/83 MP: 18/18
  7463 | D:9      | Lost mutation: You are very agile. (Dex +8, Str/Int -2)
                  | [Jiyva's grace]
  7463 | D:9      | Lost mutation: Your flesh is almost immune to the effects
                  | of heat. (rF+++) [Jiyva's grace]
  7463 | D:9      | Lost mutation: Your flesh is very heat resistant. (rF++)
                  | [Jiyva's grace]
  7463 | D:9      | Gained mutation: You are partially covered in iridescent
                  | scales. (AC +2) [Jiyva's grace]
  7463 | D:9      | Gained mutation: You are mostly covered in iridescent
                  | scales. (AC +4) [Jiyva's grace]
  7463 | D:9      | Gained mutation: You are completely covered in iridescent
                  | scales. (AC +6) [Jiyva's grace]
  7463 | D:9      | Gained mutation: You are strong-willed. (Will+) [Jiyva's
                  | grace]
  7630 | D:9      | Reached ***** piety under Jiyva
  7712 | D:10     | Entered Level 10 of the Dungeon
  7815 | D:9      | Reached skill level 5 in Earth Magic
  7912 | D:10     | Found a staircase to the Orcish Mines.
  8054 | D:10     | Noticed Psyche
  8059 | D:10     | Killed Psyche
  8128 | D:10     | Identified the +1 robe "Keuchamno" {+Blink rPois rF-
                  | Will++}
  8269 | D:10     | Reached skill level 1 in Stealth
  8388 | D:11     | Noticed a brown ugly thing
  8397 | D:11     | Killed a brown ugly thing
  8580 | D:8      | Bought an amulet of reflection for 480 gold pieces
  8639 | Orc:1    | Entered Level 1 of the Orcish Mines
  8825 | D:11     | Noticed a two-headed ogre
  8836 | D:11     | Killed a two-headed ogre
  8836 | D:11     | Noticed Erolcha
  8837 | D:11     | Reached skill level 8 in Axes
  8864 | D:11     | Killed Erolcha
  8900 | D:11     | Gained mutation: When hurt, damage is shared between your
                  | health and your magic reserves. [demonic ancestry]
  8900 | D:11     | Reached XP level 12. HP: 92/92 MP: 20/20
  8927 | D:11     | Found a staircase to the Lair.
  9005 | D:11     | Noticed Sonja
  9025 | D:10     | Killed Sonja
  9252 | Lair:1   | Entered Level 1 of the Lair of Beasts
  9494 | Lair:1   | Lost mutation: You are agile. (Dex +4, Str/Int -1) [Jiyva's
                  | grace]
  9494 | Lair:1   | Lost mutation: Your flesh is heat resistant. (rF+) [Jiyva's
                  | grace]
  9494 | Lair:1   | Gained mutation: You are highly strong-willed. (Will++)
                  | [Jiyva's grace]
  9494 | Lair:1   | Gained mutation: You are extremely strong-willed. (Will+++)
                  | [Jiyva's grace]
  9494 | Lair:1   | Gained mutation: Your muscles are very strong. (Str +8,
                  | Int/Dex -2) [Jiyva's grace]
  9494 | Lair:1   | Gained mutation: Your melee attacks may engulf your foes in
                  | ooze. [Jiyva's grace]
  9580 | Lair:1   | Noticed a death yak
  9596 | Lair:1   | Killed a death yak
  9603 | Lair:1   | Reached skill level 9 in Axes
  9678 | Lair:1   | Noticed Gastronok
  9700 | Lair:1   | Killed Gastronok
  9937 | Lair:2   | Reached ****** piety under Jiyva
 10154 | Lair:2   | Found a staircase to the Swamp.
 10353 | Lair:2   | Noticed Urug
 10363 | Lair:2   | Killed Urug
 10746 | Lair:3   | Gained mutation: You are robust. (+10% HP) [demonic
                  | ancestry]
 10746 | Lair:3   | Reached XP level 13. HP: 94/110 MP: 22/22
 10844 | Lair:3   | Lost mutation: You are extremely strong-willed. (Will+++)
                  | [Jiyva's grace]
 10844 | Lair:3   | Lost mutation: You are highly strong-willed. (Will++)
                  | [Jiyva's grace]
 10844 | Lair:3   | Lost mutation: You are strong-willed. (Will+) [Jiyva's
                  | grace]
 10844 | Lair:3   | Gained mutation: You have large cloven feet. [Jiyva's
                  | grace]
 10844 | Lair:3   | Gained mutation: You have hoof-like feet. [Jiyva's grace]
 10844 | Lair:3   | Gained mutation: You have hooves in place of feet. [Jiyva's
                  | grace]
 10844 | Lair:3   | Gained mutation: You expend magic power (3 MP) to
                  | strengthen your wands. [Jiyva's grace]
 10999 | Lair:3   | Learned a level 3 spell: Stone Arrow
 11182 | Lair:3   | Reached skill level 1 in Conjurations
 11551 | Lair:3   | Found a staircase to the Snake Pit.
 12039 | Lair:4   | Found the amulet of Vitality {RegenMP++ Regen++}
 12098 | Lair:4   | Reached skill level 10 in Axes
 12495 | Lair:4   | Lost mutation: You are completely covered in iridescent
                  | scales. (AC +6) [Jiyva's grace]
 12495 | Lair:4   | Lost mutation: You are mostly covered in iridescent scales.
                  | (AC +4) [Jiyva's grace]
 12495 | Lair:4   | Lost mutation: Your muscles are very strong. (Str +8,
                  | Int/Dex -2) [Jiyva's grace]
 12495 | Lair:4   | Gained mutation: You are strong-willed. (Will+) [Jiyva's
                  | grace]
 12495 | Lair:4   | Gained mutation: You are highly strong-willed. (Will++)
                  | [Jiyva's grace]
 12495 | Lair:4   | Gained mutation: You are extremely strong-willed. (Will+++)
                  | [Jiyva's grace]
 12495 | Lair:4   | Gained mutation: You have a small jelly attached to you
                  | that may absorb projectiles. [Jiyva's grace]
 12706 | Lair:5   | Entered Level 5 of the Lair of Beasts
 12947 | Lair:5   | Reached skill level 10 in Fighting
 12991 | Lair:5   | Gained mutation: Your touch may irresistibly damage your
                  | foes and sap their willpower. [demonic ancestry]
 12991 | Lair:5   | Reached XP level 14. HP: 98/121 MP: 21/23
 12992 | Lair:5   | Paralysed by a hornet for 1 turns
 13677 | Lair:5   | Found a runed translucent door.
 13677 | Lair:5   | Found a viscous altar of Jiyva.
 13677 | Lair:5   | Found a staircase to the Slime Pits.
 13677 | Lair:5   | Noticed an acid blob
 13689 | Slime:1  | Entered Level 1 of the Pits of Slime
 13696 | Slime:2  | Noticed an azure jelly
 13701 | Slime:3  | Noticed an azure jelly
 13709 | Slime:3  | Noticed an azure jelly
 13713 | Slime:3  | Noticed an acid blob
 13720 | Slime:5  | Entered Level 5 of the Pits of Slime
 13720 | Slime:5  | Noticed an azure jelly
 13732 | Slime:5  | Noticed a formless jellyfish
 13733 | Slime:5  | Noticed a formless jellyfish
 13745 | Slime:5  | Noticed an acid blob
 13760 | Slime:5  | Identified the +1 long sword of Ashenzari's Approval
                  | {flame, Dex+4}
 13762 | Slime:5  | Got a slimy rune of Zot
 13785 | Slime:5  | Noticed an acid blob
 13793 | Slime:5  | Noticed an acid blob
 13802 | Slime:5  | Noticed a rockslime
 13812 | Slime:5  | Noticed an acid blob
 13818 | Slime:5  | Noticed an acid blob
 13823 | Slime:5  | Noticed an azure jelly
 13827 | Slime:5  | Noticed a quicksilver ooze
 13858 | Slime:5  | Noticed a quicksilver ooze
 13861 | Slime:5  | Noticed an acid blob
 13865 | Slime:5  | Identified the amulet "Loesitz" {RegenMP *Corrode rElec
                  | rF+++ rC+}
 13867 | Slime:5  | Identified the +1 arbalest of Blood-Lust {flame, rPois
                  | Str+3}
 13875 | Slime:5  | Noticed an azure jelly
 13882 | Slime:5  | Noticed an acid blob
 13882 | Slime:5  | Noticed a quicksilver ooze
 13905 | Slime:5  | Noticed a rockslime
 13912 | Slime:5  | Found a viscous altar of Jiyva.
 13990 | Slime:5  | Noticed the Royal Jelly
 14004 | Slime:5  | Identified the +2 chain mail of Somewhere Else {rC++ Int+3}
 14016 | Slime:5  | Noticed an acid blob
 14030 | Slime:5  | Noticed a rockslime
 14033 | Slime:5  | Noticed an azure jelly
 14036 | Slime:5  | Noticed a quicksilver ooze
 14046 | Slime:5  | Noticed an acid blob
 14075 | Slime:5  | Noticed a quicksilver ooze
 14084 | Slime:5  | Noticed a quicksilver ooze
 14109 | Slime:5  | Got a starry gem
 14274 | Slime:4  | Noticed a quicksilver ooze
 14274 | Slime:4  | Noticed an acid blob
 14274 | Slime:4  | Noticed an acid blob
 14274 | Slime:4  | Noticed an azure jelly
 14298 | Slime:4  | Noticed an azure jelly
 14305 | Slime:4  | Noticed an acid blob
 14328 | Slime:3  | Noticed a quicksilver ooze
 14334 | Slime:2  | Noticed an acid blob
 14334 | Slime:2  | Noticed an azure jelly
 14337 | Slime:2  | Noticed an azure jelly
 14374 | Slime:2  | Noticed an acid blob
 14702 | Orc:2    | Entered Level 2 of the Orcish Mines
 14723 | Orc:1    | Reached skill level 10 in Shields
 14933 | Orc:2    | Found a staircase to the Elven Halls.
 14963 | Orc:2    | Noticed Jorgrun
 14966 | Orc:2    | Noticed Saint Roka
 14974 | Orc:2    | Killed Jorgrun
 14975 | Orc:2    | Reached skill level 11 in Axes
 15198 | Orc:2    | Killed Saint Roka
 15200 | Orc:2    | Reached skill level 5 in Conjurations
 15228 | Orc:2    | Found Ytwaros's Jewellery Shoppe.
 15294 | Orc:2    | Found Fistro's General Store.
 15300 | Orc:2    | Bought a scroll of acquirement for 780 gold pieces
 15306 | Orc:2    | Lost mutation: Your melee attacks may engulf your foes in
                  | ooze. [potion of mutation]
 15306 | Orc:2    | Lost mutation: You have hooves in place of feet. [potion of
                  | mutation]
 15306 | Orc:2    | Lost mutation: You have hoof-like feet. [potion of
                  | mutation]
 15306 | Orc:2    | Gained mutation: You are agile. (Dex +4, Str/Int -1)
                  | [potion of mutation]
 15306 | Orc:2    | Gained mutation: You have a pair of large horns on your
                  | head. [potion of mutation]
 15336 | Orc:2    | Found Gaudiloc's Antique Weapon Shoppe.
 15421 | Orc:2    | Found Hymiepruqa's Antique Armour Shoppe.
 15578 | Orc:2    | Got a glittering gem
 15612 | Elf:1    | Entered Level 1 of the Elven Halls
 15612 | Elf:1    | Lost mutation: You have a small jelly attached to you that
                  | may absorb projectiles. [Jiyva's grace]
 15612 | Elf:1    | Lost mutation: You expend magic power (3 MP) to strengthen
                  | your wands. [Jiyva's grace]
 15612 | Elf:1    | Gained mutation: Your translucent skin slightly reduces
                  | your foes' accuracy. (Stealth+) [Jiyva's grace]
 15612 | Elf:1    | Gained mutation: Your translucent skin reduces your foes'
                  | accuracy. (Stealth+) [Jiyva's grace]
 15612 | Elf:1    | Gained mutation: Your transparent skin significantly
                  | reduces your foes' accuracy. (Stealth+) [Jiyva's grace]
 15612 | Elf:1    | Gained mutation: Your movements are slightly less
                  | encumbered by armour. (ER -2) [Jiyva's grace]
 15640 | Elf:1    | Identified the +3 battleaxe of Watchfulness {drain, rElec
                  | rPois}
 15735 | Elf:1    | Found Fapefax's Book Boutique.
 15848 | Elf:1    | Gained mutation: A weak demonic guardian rushes to your
                  | aid. [demonic ancestry]
 15848 | Elf:1    | Reached XP level 15. HP: 95/129 MP: 24/24
 15929 | Elf:1    | Got the Compendium of Wondrous Power
 16183 | Elf:1    | Learned a level 4 spell: Olgreb's Toxic Radiance
 16264 | Elf:1    | Found Viereqem's Jewellery Boutique.
 16264 | Elf:1    | Found Ramicaho's Antique Armour Shoppe.
 16590 | Elf:2    | Found Qusuthy's Jewellery Boutique.
 16700 | Elf:2    | Reached skill level 1 in Poison Magic
 17209 | Elf:2    | Reached skill level 12 in Axes
 17223 | Elf:2    | Reached skill level 10 in Dodging
 17227 | Elf:2    | Found a runed translucent gate.
 17227 | Elf:2    | Found a runed translucent gate.
 17228 | Elf:2    | Found a runed translucent gate.
 17704 | Elf:2    | Identified the blade talisman of Gozag's Hope {Str+5 Dex+3}
 17952 | Elf:3    | Entered Level 3 of the Elven Halls
 18000 | Elf:3    | Lost mutation: You have a pair of large horns on your head.
                  | [Jiyva's grace]
 18000 | Elf:3    | Lost mutation: You are agile. (Dex +4, Str/Int -1) [Jiyva's
                  | grace]
 18000 | Elf:3    | Gained mutation: You are covered in slimy tendrils that may
                  | disarm your opponents. [Jiyva's grace]
 18000 | Elf:3    | Gained mutation: Your spells are a little harder to cast,
                  | but a little more powerful. [Jiyva's grace]
 18000 | Elf:3    | Gained mutation: Your spells are harder to cast, but more
                  | powerful. [Jiyva's grace]
 18000 | Elf:3    | Gained mutation: Your spells are much harder to cast, but
                  | much more powerful. [Jiyva's grace]
 18059 | Elf:3    | Reached XP level 16. HP: 139/139 MP: 25/25
 18291 | Elf:3    | Noticed an Ice Fiend
 18294 | Elf:3    | Noticed a deep elf blademaster
 18297 | Elf:3    | Mangled by an Ice Fiend

Illustrated notes

Levels and vault maps discovered:
D:1:      minmay_arrival_hallway, layout_loops_corners, nicolae_hexahallways
D:2:      layout_basic
D:3:      layout_rooms, kennysheep_orc_sif_temple, gammafunk_ghost_icy,
          palyth_stone_intersect
D:4:      layout_basic, minmay_temple_entry_purple_smoke, serial_shops,
          kennysheep_little_box, gup_sewer_entry_pipe, minmay_rat_hole
D:5:      layout_loops_ring, corexii_corridor_pit, uniq_duvessa,
          uniq_crazy_yiuf_cottage
D:6:      layout_loops_ring, nicolae_concentric_dashed_squares_mild,
          uniq_edmund, uniq_maggie, uniq_prince_ribbit1
D:7:      layout_basic, mainiacjoe_overflow_concentric_impassable, serial_shops,
          nicolae_shop_tiny_waterfront, kennysheep_generic_room_10
D:8:      layout_basic, grunt_temple_overflow_cloverleaf,
          chequers_serial_rivers_micro_b, nicolae_shop_sticking_my_neck_out,
          uniq_pikel, uniq_maurice, uniq_grum, uniq_erica
D:9:      layout_basic
D:10:     layout_roguey, erik_orc_4, uniq_psyche
D:11:     layout_rooms, david_lair_generic, feat_on_display, uniq_erolcha,
          uniq_sonja
Lair:1:   layout_chaotic_city, grunt_forest_large_clearing_hut, uniq_gastronok
Lair:2:   layout_roguey, skrybe_swamp_entry_bodies, grunt_megastairs_3,
          infiniplex_staircase_pool_2, uniq_urug
Lair:3:   lemuel_ratsnest, layout_layer_cave, minmay_snake_entry_guardpost_small
Lair:4:   layout_layer_cave, grunt_megastairs_4, uniq_snorg
Lair:5:   hangedman_lair_tendril_chambers, layout_gridlike, slime_entry_2,
          nicolae_quartered_pool_super
Slime:1:  layout_caves
Slime:2:  layout_caves
Slime:3:  layout_caves
Slime:4:  layout_caves
Slime:5:  slime_pit_nicolae_inversion
Orc:1:    layout_diamond_mine, nicolae_orc_sculptors_studio
Orc:2:    grunt_orc_cross, layout_caves, uniq_jorgrun
Elf:1:    minmay_elf_arrival_plus, layout_geoelf_diagonals, serial_shops, shop,
          minmay_elf_annihilation, nicolae_wooded_promenade
Elf:2:    nicolae_elf_blades_splatter_lattice [nicolae_blade_lattice],
          layout_loops_cross, serial_shops, shop, guppyfry_library_mini
Elf:3:    nooodl_elf_gasket, layout_gridlike

Skill      XL: |  1  2  3  4  5  6  7  8  9 10 11 12 13 14 15 |
---------------+----------------------------------------------+-----
Axes           | 2 3 4 5 6 7 8 9 10 11 12 | 12.6
Armour         | 3 4 5 6 7 8 9 |  9.8
Shields        | 3 4 5 7 8 9 10 11 | 11.7
Dodging        | 1 2 3 4 5 6 7 8 9 10 | 10.3
Earth Magic    | 1 2 3 4 5 6 |  6.5
Evocations     | 1 2 3 4 5 6 |  6.1
Spellcasting   | 1 2 3 4 5 6 |  6.5
Fighting       | 4 5 6 8 10 11 | 11.8
Stealth        | 1 2 |  2.6
Conjurations   | 3 5 |  5.6
Poison Magic   | 3 |  3.3

Action                     |  1- 3 |  4- 6 |  7- 9 | 10-12 | 13-15 | 16-18 || total
---------------------------+-------+-------+-------+-------+-------+-------++-------
  Melee: War axe           |   120 |   171 |    80 |    15 |   879 |    28 ||  1293
         Tailslap          |       |    25 |    41 |   105 |   125 |     2 ||   298
         Headbutt          |       |       |    63 |   145 |   180 |     3 ||   391
         Hand axe          |       |       |   220 |   629 |       |       ||   849
         Kick              |       |       |       |       |   163 |       ||   163
   Cast: Sandblast         |     1 |       |    27 |    50 |    91 |     4 ||   173
  Evoke: Wand              |       |     1 |       |     3 |     5 |       ||     9
    Use: Scroll            |       |     3 |     3 |     3 |    21 |     1 ||    31
         Potion            |       |       |     5 |     1 |     1 |     1 ||     8
   Stab: Sleeping          |       |       |       |       |     2 |       ||     2
         Distracted        |       |       |       |       |     1 |     1 ||     2
         Fleeing           |       |       |       |       |     1 |       ||     1
 Armour: Scale mail        |    86 |       |       |       |       |       ||    86
         Leather armour    |     5 |   103 |   196 |   354 |   454 |    11 ||  1123
         Ring mail         |     4 |       |       |       |       |       ||     4
  Dodge: Dodged            |    72 |    90 |   170 |   525 |   616 |    16 ||  1489
  Block: Buckler           |    35 |    27 |    75 |   294 |    95 |       ||   526
         Reflection        |       |       |       |     1 |    51 |     1 ||    53
         Kite shield       |       |       |       |       |   692 |    21 ||   713

Table legend: (Time is in decaauts)
 A = Elapsed time spent in this place.
 B = Non-inter-level travel time spent in this place.
 C = Inter-level travel time spent in this place.
 D = Time resting spent in this place.
 E = Time spent auto-exploring this place.
 F = Levels seen in this place.
 G = Mean time per level.
                   A        B        C        D        E       F      G
               +--------+--------+--------+--------+--------+-----+--------+
         Total |  18606 |  17190 |   1416 |      0 |  11988 |  27 |  689.1 |
       Dungeon |   9107 |   8362 |    745 |      0 |   5878 |  11 |  827.9 |
          Lair |   4550 |   4371 |    179 |      0 |   3126 |   5 |  910.0 |
    Slime Pits |    868 |    605 |    263 |      0 |    523 |   5 |  173.6 |
  Orcish Mines |   1006 |    892 |    114 |      0 |    590 |   2 |  503.0 |
   Elven Halls |   2700 |   2585 |    115 |      0 |   1638 |   3 |  900.0 |
         Sewer |    373 |    373 |      0 |      0 |    231 |   1 |  373.0 |
               +--------+--------+--------+--------+--------+-----+--------+

Top non-repeatable levels by time:
   Elf:2: 1365 daAuts
  Lair:3: 1212 daAuts
     D:4: 1058 daAuts
     D:5: 1047 daAuts
  Lair:5: 1028 daAuts
   Elf:1: 989 daAuts
     D:3: 973 daAuts
     D:8: 896 daAuts
     D:1: 890 daAuts
     D:7: 889 daAuts
  Lair:4: 845 daAuts
     D:9: 815 daAuts
     D:6: 805 daAuts
  Lair:2: 803 daAuts
   Orc:2: 745 daAuts
